 Dungeon Crawl Stone Soup version 0.20-a0-313-g10ed074 (webtiles) character file.

119 Junicave the Conjurer (level 5, -7/31 HPs)
             Began as an Octopode Conjurer on Dec 20, 2016.
             Killed by divine providence
             ... invoked by an orc priest
              (15 damage)
             ... on level 3 of the Dungeon.
             The game lasted 00:08:49 (2718 turns).

Junicave the Conjurer (Octopode Conjurer)           Turns: 2718, Time: 00:08:50

Health: -7/31      AC:  3    Str:  8    XL:     5   Next: 3%
Magic:  1/9        EV: 14    Int: 18    God:
Gold:   92         SH:  0    Dex: 12    Spells: 3/9 levels left

rFire  + . .     SeeInvis .     f - +0 whip
rCold  + . .     Gourm    .     (no shield)
rNeg   . . .     Faith    .     o - +2 hat
rPois  .         Spirit   .     (no amulet)
rElec  .         Reflect  .     j - ring of protection from cold
rCorr  .         Harm     .     l - ring of protection from fire
MR     .....                    (no ring)
Stlth  +++.......               (no ring)
                                (no ring)
                                (no ring)
                                (no ring)
                                (no ring)

@: flying
A: almost no armour, stealthy swim, amphibious, 8 rings, constrict 8, camouflage
1, gelatinous body 1
a: no special abilities


You were on level 3 of the Dungeon.
You were not hungry.

You visited 1 branch of the dungeon, and saw 3 of its levels.

You collected 92 gold pieces.

Inventory:

Hand Weapons
 f - a +0 whip (weapon)
Armour
 o - a +2 hat (worn)
Jewellery
 j - a ring of protection from cold (left tentacle)
 l - a ring of protection from fire (right tentacle)
Scrolls
 e - 3 scrolls of enchant armour {unknown}
 m - 3 scrolls of remove curse {unknown}
 n - 2 scrolls of recharging {unknown}
 s - a scroll of noise {unknown}
 t - 2 scrolls of identify {unknown}
 u - a scroll of magic mapping {unknown}
 v - a scroll of enchant weapon {unknown}
Potions
 c - a potion of curing {unknown}
 g - a potion of lignification {unknown}
 i - a potion of flight
 k - a potion of degeneration {unknown}
 q - a potion of brilliance {unknown}
 r - a potion of heal wounds {unknown}
 w - a potion of mutation {unknown}
Books
 a - a book of Conjurations

   Spells                             Type                      Level
   a - Magic Dart                     Conjuration                  1
   b - Searing Ray                    Conjuration                  2
   c - Dazzling Spray                 Conjuration/Hexes            3
   d - Fulminant Prism                Conjuration/Hexes            4
   e - Iskenderun's Mystic Blast      Conjuration                  4
   f - Iskenderun's Battlesphere      Conjuration/Charms           5
Comestibles
 b - 4 bread rations
 d - 2 meat rations
 h - a royal jelly
 p - 7 chunks of flesh


   Skills:
 + Level 3.1 Dodging
 - Level 2.6 Stealth
 * Level 2.7 Spellcasting
 + Level 4.8 Conjurations
 + Level 1.7 Hexes


You had 3 spell levels left.
You knew the following spells:

 Your Spells              Type           Power        Failure   Level  Hunger
a - Magic Dart            Conj           ###.         2%          1    #......
b - Searing Ray           Conj           ###...       4%          2    ##.....
c - Dazzling Spray        Conj/Hex       ##....       17%         3    ###....


Dungeon Overview and Level Annotations

Branches:
Dungeon (3/15)

Altars:


Innate Abilities, Weirdness & Mutations

You cannot wear most types of armour.
You are very stealthy in the water. (Stealth+)
You are amphibious.
You can wear up to eight rings at the same time.
You can use your tentacles to constrict eight enemies at once.
Your skin changes colour to match your surroundings (Stealth+).
Your rubbery body absorbs attacks. (AC +1, EV +1)


Message History

The orc priest is severely wounded.
You constrict the orc priest. The orc priest closely misses you.
The hobgoblin hits you.
* * * LOW HITPOINT WARNING * * *
You release your grip on the orc priest.
It was a potion of flight.
You feel very buoyant.
You fly up into the air.
The orc priest misses you.
A frilled lizard comes into view.
Casting: Magic Dart
Confirm with . or Enter, or press ? or * to list all spells.
Aiming: Magic Dart
Press: ? - help, Shift-Dir - straight line, f - orc priest
Aim: an orc priest, wielding a hand axe and wearing a leather armour (severely wounded)
The magic dart hits the orc priest.
The orc priest is almost dead.
The frilled lizard hisses angrily.
The orc priest invokes the aid of Beogh against you.
Beogh smites you!
You die...

#..............#.#
#.........#..#.#
#.........#..#.#####
#.........#..#.....#####
#..>....................
#####.....l)##.###......#####.###
....(.....))..r..................
........##.###r###.#....#####.#..
........##.# #go@..#........#....
........##.######..#..#####.#).#.
........#......##.........#.#...[
........#......###..#.#...#.#....
.....?..#......# #...............
........#......###.##.#.#.#.##..#
...o##.##...........#.###.#......
#....).........#...#......##
roo#######...... ###.#......#.


You could see an orc priest, a quokka, a hobgoblin and a frilled lizard.

Vanquished Creatures
  5 adders
  An ooze (D:2)
  2 worms (D:2)
  A dart slug (D:2)
  2 orcs (D:3)
  3 ball pythons
  5 bats
  3 giant cockroaches
  2 hobgoblins
  8 kobolds
  A quokka (D:3)
  4 frilled lizards
  6 goblins
  25 rats
68 creatures vanquished.

Notes
Turn   | Place    | Note
-------+----------+-------------------------------------------
     0 | D:1      | Junicave the Octopode Conjurer began the quest for the Orb.
     0 | D:1      | Reached XP level 1. HP: 11/11 MP: 3/3
   253 | D:1      | Reached XP level 2. HP: 17/17 MP: 0/5
   979 | D:2      | Reached XP level 3. HP: 21/21 MP: 0/6
   983 | D:2      | Learned a level 2 spell: Searing Ray
   987 | D:2      | Learned a level 3 spell: Dazzling Spray
  1560 | D:2      | Reached skill level 1 in Hexes
  1637 | D:2      | Reached XP level 4. HP: 27/27 MP: 2/7
  2680 | D:3      | Reached XP level 5. HP: 31/31 MP: 7/9
  2718 | D:3      | Killed from afar by an orc priest

Vault maps used:
D:1:      lemuel_arrival_cross
D:2:      hangedman_decor_diamond_cutter
D:3:      minmay_rat_hole

Skill      XL: |  1  2  3  4 |
---------------+-------------+-----
Hexes          | 1 |  1.7
Dodging        | 3 |  3.1
Stealth        | |  2.6
Spellcasting   | |  2.7
Conjurations   | |  4.8

Action                   |  1- 3 |  4- 6 || total
-------------------------+-------+-------++-------
Melee: Whip              |     8 |    16 ||    24
       Constrict         |     3 |     5 ||     8
       Tentacles         |     1 |     2 ||     3
 Cast: Magic Dart        |    57 |    69 ||   126
       Searing Ray       |     3 |     1 ||     4
  Use: Potion            |       |     1 ||     1
  Eat: Chunk             |     3 |     3 ||     6
Armor: Skin              |     1 |     5 ||     6
Dodge: Dodged            |    13 |    23 ||    36
